 Dungeon Crawl Stone Soup version 0.27.1-33-g824d729ab1 (webtiles) character file.

Game seed: 17967002598103018855

14467 sking99 the Grappler (level 11, -11/111 (113) HPs)
             Began as a Troll Monk on Dec 8, 2021.
             Was a High Priest of Qazlal.
             Killed from afar by an orc sorcerer (13 damage)
             ... with a bolt of fire
             ... while paralysed by an orc sorcerer
             ... on level 2 of the Orcish Mines.
             The game lasted 00:17:48 (9383 turns).

sking99 the Grappler (Troll Monk)                   Turns: 9383, Time: 00:17:50

HP:   -11/111 (113) AC: 13    Str: 24    XL:     11   Next: 89%
MP:   16/16         EV:  1    Int:  6    God:    Qazlal [*****.]
Gold: 1065          SH:  0    Dex: 12    Spells: 10/10 levels left

rFire    . . .     SeeInvis .     - Unarmed
rCold    . . .     Faith    .   (no shield)
rNeg     + . .     Spirit   .   r - +1 acid dragon scales
rPois    .         Reflect  .   (helmet restricted)
rElec    .         Harm     .   (no cloak)
rCorr    +         Rampage  .   (gloves unavailable)
Will     .....                  (boots unavailable)
Stlth    +.........             (no amulet)
HPRegen  1.28/turn              f - ring of positive energy
MPRegen  0.15/turn              u - ring of resist corrosion

@: paralysed, protected from physical damage, lightly drained, repel missiles
A: large, unfitting armour, claws 3, regeneration 1, shaggy fur 1, tough skin 1
a: Renounce Religion, Upheaval, Elemental Force, Disaster Area


You were on level 2 of the Orcish Mines.
You worshipped Qazlal.
Qazlal was extremely pleased with you.
You visited 3 branches of the dungeon, and saw 14 of its levels.

You collected 1145 gold pieces.
You spent 80 gold pieces at shops.

Inventory:

Missiles
 w - 2 throwing nets (quivered)
Armour
 r - +1 acid dragon scales (worn)
Jewellery
 f - a ring of positive energy (left claw)
 u - a ring of resist corrosion (right claw)
Wands
 j - a wand of paralysis (7)
 y - a wand of flame (13)
 z - a wand of acid (5)
Scrolls
 b - 2 scrolls of enchant weapon
 d - a scroll of vulnerability
 e - a scroll of holy word
 h - 2 scrolls of teleportation
 i - 2 scrolls of blinking
 o - a scroll of enchant armour
 q - a scroll of summoning
 t - 3 scrolls of fear
 A - a scroll of brand weapon
 C - a scroll of silence
Potions
 a - a potion of brilliance
 c - a potion of magic
 g - 3 potions of attraction
 k - a potion of might
 l - 4 potions of curing
 m - a potion of berserk rage
 n - a potion of resistance
 p - a potion of mutation
 s - 6 potions of lignification
 v - 2 potions of heal wounds {unknown}
 x - 2 potions of cancellation
 B - a potion of flight {unknown}


   Skills:
 + Level 8.3 Fighting
 + Level 4.1 Armour
 - Level 2.4 Dodging
 - Level 1.0 Stealth
 * Level 13.3 Unarmed Combat
 + Level 8.4 Invocations


You had 10 spell levels left.
You didn't know any spells.
Your spell library contained the following spells:

 Spells                   Type           Power      Damage    Failure   Level
 Corona                   Hex            0%         N/A       52%         1
 Pain                     Necr           0%         1d4       52%         1
 Sting                    Tmut/Pois      0%         1d3       52%         1
 Ensorcelled Hibernation  Hex/Ice        0%         N/A       67%         2
 Poisonous Vapours        Pois/Air       0%         N/A       67%         2
 Tukima's Dance           Hex            0%         N/A       88%         3
 Olgreb's Toxic Radiance  Pois           0%         N/A       99%         4
 Agony                    Necr           0%         N/A       100%        5
 Excruciating Wounds      Necr           0%         N/A       100%        5


Dungeon Overview and Level Annotations

Branches:
Dungeon (11/15)            Temple (1/1) D:7             Orc (2/2) D:10
    Elf (0/3) Orc:2
   Lair: D:8-11

Altars:
Dithmenos
Elyvilon
Fedhas
Gozag
Hepliaklqana
Qazlal
Ru
Sif Muna
Trog
Uskayaw
Vehumet
Yredelemnul
The Shining One

Shops:
D:4 !   D:6 *   D:8 *   Orc:1 *

Annotations:
D:3 1 runed translucent door, Arnot's ghost, amateur GrFi


Innate Abilities, Weirdness & Mutations

You are too large for most types of armour.
You have claws for hands.
Your natural rate of healing is unusually fast.
You are covered in fur. (AC +1)
You have tough skin. (AC +1)


Message History

You resist with significant effort. The orc warrior misses you.
The orc warrior barely misses you.
The orc warrior is engulfed in blazing flames.
The orc sorcerer gestures at you while chanting.
You resist with significant effort.
You closely miss the orc sorcerer.
The orc sorcerer points at you and mumbles some strange words.
The bolt of fire hits you!! You block the orc warrior's attack.
You hear a shout!
Unknown command.
You claw the orc sorcerer!
The orc sorcerer is heavily wounded.
The orc sorcerer points at you and mumbles some strange words.
You suddenly lose the ability to move!
An orc priest comes into view. It is wielding a +0 mace.
The orc warrior hits you but does no damage.
The orc priest invokes the aid of Beogh against you.
Beogh smites you! The orc sorcerer casts a spell at you.
The bolt of fire hits you!!
You feel protected from fire.
The orc warrior hits you but does no damage.
The orc sorcerer casts a spell at you. The bolt of negative energy hits you!
You partially resist.
You feel drained.
The orc warrior hits you with a +0 battleaxe!!
* * * LOW HITPOINT WARNING * * *
Your resistance to fire fades away.
You feel protected from physical attacks.
The orc warrior hits you with a +0 war axe!
* * * LOW HITPOINT WARNING * * *
You feel more protected from physical attacks.
The orc sorcerer hits you but does no damage.
The orc warrior hits you with a +0 battleaxe!
* * * LOW HITPOINT WARNING * * *
You feel more protected from physical attacks.
The orc warrior hits you with a +0 war axe!
* * * LOW HITPOINT WARNING * * *
The orc sorcerer casts a spell at you. The bolt of fire hits you!
You die...

.....#...)........##........##
#.........####.....#.......##
#...........##............##
#.#......#####...........##
####.....# ##.........##
#.....# #........).### #....##
###.○○§°.)..)[.## #.#.##
##..○°.○.....[[..# #####
#....°@)#.).......#
##....ooo#..........#
#......o#####........#
#....).#### #.........#
#.#.......# .........##
#.#.)))..###........##
#..).......#......#.##
......#.............##
#####.##.....[.....##


You could see an orc sorcerer, 2 orc warriors and an orc priest.

Vanquished Creatures
  An ettin (Orc:1)
  Josephine (Orc:2)
  Erolcha (D:9)
  A two-headed ogre (D:10)
  4 orc sorcerers
  Maggie (D:7)
  2 kobold demonologists (D:8)
  A meliai zombie (D:10)
  10 yaks
  4 wraiths (Orc:2)
  A vampire (D:10)
  A wyvern (D:9)
  Menkaure (D:4)
  An acid dragon (D:10)
  4 water moccasins
  Duvessa (D:4)
  2 ice beasts
  A black bear (D:5)
  16 orc warriors
  2 sky beasts
  3 ogres
  5 centaurs
  6 kobold brigands
  3 bullfrogs
  2 gnoll sergeants
  A wyvern zombie (D:7)
  5 scorpions
  Dowan (D:4)
  A wyvern skeleton (D:7)
  4 killer bees (D:9)
  2 howler monkeys (D:9)
  3 wights (D:6)
  4 electric eels (D:8)
  5 centaur zombies
  A centaur skeleton (D:7)
  2 hounds
  A bullfrog skeleton (D:6)
  7 orc priests
  A gnoll shaman (D:4)
  5 iguanas
  15 orc wizards
  A killer bee zombie (D:5)
  A hound skeleton (D:4)
  A howler monkey zombie (D:9)
  A howler monkey skeleton (D:6)
  13 gnolls
  6 adders
  A white imp (D:4)
  An ufetubus (D:6)
  A dart slug (D:1)
  36 orcs
  5 endoplasms
  2 giant cockroaches (D:1)
  10 goblins
  13 hobgoblins
  29 kobolds
  A quokka (D:4)
  3 ball pythons
  4 bats
  A frilled lizard (D:2)
  7 rats
  A butterfly (D:9)
271 creatures vanquished.

Vanquished Creatures (others)
  20 plants
20 creatures vanquished.

Grand Total: 291 creatures vanquished

Notes
Turn   | Place    | Note
-------+----------+-------------------------------------------
     0 | D:1      | sking99 the Troll Monk began the quest for the Orb.
     0 | D:1      | Reached XP level 1. HP: 22/22 MP: 0/0
   166 | D:1      | Reached XP level 2. HP: 29/29 MP: 1/1
   488 | D:1      | Reached XP level 3. HP: 32/32 MP: 2/2
   735 | D:2      | Found a faded altar of an unknown god.
   740 | D:2      | Reached skill level 4 in Unarmed Combat
  1099 | D:3      | Found a stormy altar of Qazlal.
  1137 | D:3      | Reached XP level 4. HP: 44/44 MP: 3/3
  1178 | D:3      | Became a worshipper of Qazlal Stormbringer
  1178 | D:3      | Reached * piety under Qazlal
  1178 | D:3      | Reached ** piety under Qazlal
  1454 | D:3      | Noticed Arnot's ghost (amateur GrFi)
  1457 | D:3      | Found a runed translucent door.
  2149 | D:4      | Reached skill level 1 in Invocations
  2180 | D:4      | Noticed Menkaure
  2189 | D:4      | Killed Menkaure
  2190 | D:4      | Reached skill level 5 in Unarmed Combat
  2190 | D:4      | Reached XP level 5. HP: 15/53 MP: 3/5
  2240 | D:4      | Found Qesamas's Distillery.
  2249 | D:4      | Bought a potion of curing for 30 gold pieces
  2249 | D:4      | Bought a potion of berserk rage for 50 gold pieces
  2481 | D:4      | Noticed an ogre
  2482 | D:4      | Killed an ogre
  2483 | D:4      | Reached XP level 6. HP: 62/62 MP: 6/6
  2685 | D:4      | Noticed Dowan
  2691 | D:4      | Noticed Duvessa
  2696 | D:4      | Reached skill level 6 in Unarmed Combat
  2700 | D:4      | Killed Duvessa
  2701 | D:4      | Reached XP level 7. HP: 47/70 MP: 7/7
  2718 | D:4      | Killed Dowan
  3008 | D:5      | Entered Level 5 of the Dungeon
  3049 | D:5      | Found a shadowy altar of Dithmenos.
  3121 | D:5      | Reached skill level 7 in Unarmed Combat
  3329 | D:5      | Reached XP level 8. HP: 69/79 MP: 9/9
  3507 | D:6      | Reached skill level 8 in Unarmed Combat
  3510 | D:6      | Reached skill level 5 in Fighting
  3672 | D:6      | Found Gifaluss's Serpentskin Sales.
  3723 | D:6      | Reached skill level 9 in Unarmed Combat
  3765 | D:6      | Found a basalt altar of Yredelemnul.
  4003 | D:6      | Found the +3 giant club "Skullcrusher" {speed, Str+7}
  4008 | D:6      | Reached XP level 9. HP: 88/88 MP: 11/11
  4140 | D:6      | Reached *** piety under Qazlal
  4141 | D:6      | Reached skill level 5 in Invocations
  4291 | D:7      | Found a sacrificial altar of Ru.
  4373 | D:7      | Found a radiant altar of Vehumet.
  4495 | D:7      | Found a staircase to the Ecumenical Temple.
  4504 | D:7      | Noticed Maggie
  4525 | D:7      | Killed Maggie
  4616 | Temple   | Entered the Ecumenical Temple
  4828 | D:7      | Found a glowing golden altar of the Shining One.
  4828 | D:7      | Found a hazy altar of Hepliaklqana.
  4830 | D:7      | Found a hide-covered altar of Uskayaw.
  4971 | D:7      | Reached skill level 10 in Unarmed Combat
  5331 | D:7      | Found a blossoming altar of Fedhas.
  5500 | D:8      | Noticed a kobold demonologist
  5504 | D:8      | Noticed a kobold demonologist
  5508 | D:8      | Killed a kobold demonologist
  5512 | D:8      | Reached XP level 10. HP: 74/100 MP: 13/13
  5772 | D:8      | Found Vimy's Overcharged Wands.
  5795 | D:8      | Reached skill level 11 in Unarmed Combat
  5957 | D:8      | Found a white marble altar of Elyvilon.
  6485 | D:9      | Identified the +5 halberd of Reinkooc {venom, rC+}
  6692 | D:9      | Found an opulent altar of Gozag.
  6701 | D:9      | Noticed Erolcha
  6708 | D:9      | Killed Erolcha
  6709 | D:9      | Reached skill level 1 in Armour
  6828 | D:9      | Reached skill level 12 in Unarmed Combat
  7104 | D:10     | Entered Level 10 of the Dungeon
  7115 | D:10     | Reached **** piety under Qazlal
  7295 | D:10     | Found a staircase to the Orcish Mines.
  7303 | D:10     | Reached XP level 11. HP: 96/109 MP: 15/15
  7610 | D:10     | Found a bloodstained altar of Trog.
  7852 | D:10     | Found a shimmering blue altar of Sif Muna.
  8157 | D:10     | Noticed a two-headed ogre
  8165 | D:10     | Killed a two-headed ogre
  8243 | Orc:1    | Entered Level 1 of the Orcish Mines
  8243 | Orc:1    | Found Hemogi's General Store.
  8381 | Orc:1    | Noticed an ettin
  8409 | Orc:1    | Killed an ettin
  8412 | Orc:1    | Noticed an orc sorcerer
  8419 | Orc:1    | Killed an orc sorcerer
  8789 | Orc:2    | Entered Level 2 of the Orcish Mines
  8838 | Orc:2    | Noticed an orc sorcerer
  8839 | Orc:2    | Noticed Josephine
  8913 | Orc:2    | Killed Josephine
  9006 | Orc:2    | Reached skill level 13 in Unarmed Combat
  9024 | Orc:2    | Found a staircase to the Elven Halls.
  9092 | Orc:2    | Noticed an orc sorcerer
  9103 | Orc:2    | Killed an orc sorcerer
  9104 | Orc:2    | Noticed an orc sorcerer
  9105 | Orc:2    | Noticed a sun demon
  9194 | Orc:2    | Noticed a sun demon
  9197 | Orc:2    | Killed an orc sorcerer
  9276 | Orc:2    | Paralysed by an orc sorcerer for 2 turns
  9279 | Orc:2    | Killed an orc sorcerer
  9346 | Orc:2    | Reached ***** piety under Qazlal
  9368 | Orc:2    | Noticed an orc sorcerer
  9379 | Orc:2    | Paralysed by an orc sorcerer for 6 turns
  9383 | Orc:2    | HP: 2/111 [orc warrior (9)]
  9383 | Orc:2    | Killed from afar by an orc sorcerer

Illustrated notes

Levels and vault maps discovered:
D:1:      dpeg_arrival_subterranean_lakeside_camping, layout_loops_cross
D:2:      layout_rooms, ebering_ecumenical_altar_abandoned
D:3:      layout_basic, lemuel_crystal_altar, hellmonk_ghost_happy_afterlife
D:4:      cheibrodos_helix_gallery, layout_basic, serial_shops, shop,
          minmay_distorted, uniq_duvessa, uniq_menkaure
D:5:      layout_rooms, mainiacjoe_overflow_surrounded_room
D:6:      layout_basic, mainiacjoe_overflow_cross_hatched, hex_tiny,
          minivault_10, guppyfry_shop_venom
D:7:      layout_basic, vehumet_crystals, fedhas_altar_4,
          mainiacjoe_overflow_boulevard, grunt_temple_overflow_open,
          temple_pool_b, uniq_maggie
D:8:      layout_cave_pods, nicolae_elyvilon_temple_path, serial_bayou,
          serial_bayou_lagoon_a, serial_bayou_pond_d, serial_bayou_ford_a,
          serial_bayou_shore_b, nicolae_shop_overcharged_wands
D:9:      layout_loops_cross, mainiacjoe_overflow_alcove_2,
          hangedman_glass_garden, uniq_erolcha
D:10:     layout_layer_cave, lemuel_crystal_altar,
          lemuel_coloured_pillars_altar, orc_0_dummy
D:11:     regret_index_combs_of_tragedy, layout_basic, erik_lair_island
Temple:   jpeg_temple_island
Orc:1:    layout_diamond_mine, serial_shops, nicolae_shop_statue_plus,
          nicolae_orc_pool_cavern, nicolae_orc_tapped_out
Orc:2:    st_orc_mages, layout_diamond_mine, guppyfry_library_mini,
          uniq_josephine

Skill      XL: |  1  2  3  4  5  6  7  8  9 10 11 |
---------------+----------------------------------+-----
Unarmed Combat | 4 5 6 7 9 10 12 13 | 13.3
Fighting       | 3 4 5 6 7 8 |  8.3
Invocations    | 1 2 3 4 6 7 8 |  8.4
Armour         | 2 4 |  4.1
Dodging        | |  2.4
Stealth        | |  1.0

Action                   |  1- 3 |  4- 6 |  7- 9 | 10-12 || total
-------------------------+-------+-------+-------+-------++-------
Melee: Unarmed           |   112 |    64 |   217 |   353 ||   746
       Punch             |     3 |     1 |     9 |    18 ||    31
Invok: Upheaval          |       |       |     4 |     3 ||     7
  Use: Potion            |       |     1 |       |     1 ||     2
       Scroll            |       |       |    14 |     8 ||    22
 Stab: Sleeping          |     4 |     1 |       |       ||     5
Armor: Robe              |    38 |    11 |    48 |       ||    97
       Acid dragon scale |       |       |    22 |   108 ||   130
Dodge: Dodged            |    59 |    26 |    97 |   117 ||   299
       Repelled          |       |       |       |     1 ||     1
Block: Other             |       |     7 |    20 |    48 ||    75
